 Dungeon Crawl Stone Soup version 0.30-a0-46-g5a63ccc183 (webtiles) character file.

Game seed: 14884418857754315504

105 IdlyInterested the Grave Robber (level 4, 0/35 HPs)
             Began as a Demonspawn Wanderer on Sept 1, 2022.
             Slain by a gnoll
             ... wielding a +0 club
              (3 damage)
             ... on level 3 of the Dungeon.
             The game lasted 00:07:23 (2579 turns).

IdlyInterested the Grave Robber (DsWn)              Turns: 2579, Time: 00:07:24

Health: 0/35       AC:  9    Str: 16    XL:     4   Next: 53%
Magic:  0/7        EV:  6    Int: 14    God:
Gold:   78         SH:  0    Dex: 10    Spells: 6/7 levels left

rFire   . . .      SeeInvis .    t - +2 dagger (drain)
rCold   . . .      Faith    .    (no shield)
rNeg    . . .      Spirit   +    o - +0 chain mail
rPois   .          Reflect  .    (no helmet)
rElec   .          Harm     .    (no cloak)
rCorr   .          Rampage  .    (no gloves)
Will    .....                    x - +0 pair of boots
Stlth   ..........               f - amulet of guardian spirit
HPRegen 0.11/turn                (no ring)
MPRegen 0.10/turn                (no ring)

@: no status effects
A: foul stench 2
a: no special abilities


You were on level 3 of the Dungeon.
You visited 1 branch of the dungeon, and saw 3 of its levels.

You collected 78 gold pieces.

Inventory:

Hand Weapons
 i - a +0 whip
 m - a +0 spear
 t - a +2 dagger of draining (weapon)
 v - a +0 dagger of venom
 w - a +2 trident of distortion
Missiles
 k - 2 poisoned darts
 l - 3 atropa-tipped darts
Armour
 d - a +0 leather armour
 o - a +0 chain mail (worn)
 p - a +0 scale mail
 r - a +0 ring mail
 x - a +0 pair of boots (worn)
Jewellery
 f - an amulet of guardian spirit (around neck)
Scrolls
 a - 2 scrolls of noise {unknown}
 c - 2 scrolls of fog
 h - 3 scrolls of teleportation {unknown}
 n - a scroll of amnesia {unknown}
 u - 2 scrolls of summoning {unknown}
 y - a scroll of identify {unknown}
Potions
 b - a potion of curing
 e - a potion of lignification
 g - a potion of magic {unknown}
 j - a potion of degeneration {unknown}
 q - a potion of haste {unknown}
 s - a potion of cancellation {unknown}
 z - a potion of berserk rage {unknown}


   Skills:
 - Level 3.0 Fighting
 - Level 2.0 Armour
 - Level 1.0 Dodging
 + Level 0.0 Stealth
 - Level 1.7 Unarmed Combat
 * Level 2.3 Spellcasting
 - Level 5.4 Necromancy


You had 6 spell levels left.
You knew the following spells:

 Your Spells              Type           Power      Damage    Failure   Level
a - Necrotise             Necr           64%        1d7       41%         1

Your spell library contained the following spells:

 Spells                   Type           Power      Damage    Failure   Level
 Vampiric Draining        Necr           16%        2d7       80%         3
 Inner Flame              Hex/Fire       1%         N/A       100%        3
 Anguish                  Hex/Necr       4%         N/A       100%        4
 Cause Fear               Hex            0%         N/A       100%        4
 Discord                  Hex            0%         N/A       100%        8


Dungeon Overview and Level Annotations

Branches:
Dungeon (3/15)

Altars:

Shops:
D:2 (


Innate Abilities, Weirdness & Mutations

You sometimes emit foul miasma when damaged in melee.


Message History

You barely miss the gnoll.
The gnoll is almost dead.
The gnoll hits you but does no damage. The gnoll hits you with a +0 club.
The gnoll hits you from afar with a +0 halberd.
You hit the gnoll. You drain the gnoll.
You kill the gnoll!
The gnoll hits you but does no damage. x2; The gnoll closely misses you.
Training target 1.0 for Dodging reached!
Your Dodging skill increases to level 1!
You hit the gnoll. You drain the gnoll.
The gnoll is severely wounded.
The gnoll hits you from afar with a +3 halberd.
The gnoll hits you with a +0 club. The gnoll hits you but does no damage.
You hit the gnoll but do no damage. You drain the gnoll.
The gnoll is almost dead.
The gnoll hits you from afar with a +3 halberd.
The gnoll hits you but does no damage. The gnoll barely misses you.
You closely miss the gnoll.
The gnoll is almost dead.
The gnoll closely misses you. The gnoll hits you but does no damage.
The gnoll closely misses you.
The gnoll hits you from afar with a +0 halberd!
* * * LOW HITPOINT WARNING * * *
You see here a +0 whip.
You hit the endoplasm.
The endoplasm is heavily wounded.
The gnoll hits you but does no damage.
The gnoll hits you from afar with a +0 halberd.
* * * LOW HITPOINT WARNING * * *
The endoplasm barely misses you.
You hit the gnoll but do no damage.
The gnoll is almost dead.
The gnoll closely misses you. The gnoll hits you but does no damage.
The endoplasm freezes you.
You are frozen.
* * * LOW HITPOINT WARNING * * *
You barely miss the gnoll.
The gnoll is almost dead.
The gnoll barely misses you. The gnoll hits you with a +0 club.
You die...

#.............^##
.....#.........##
#..............g
...###.#....[.......
#.....<...)........
#####.#............
#.##...gg.g.... #.
####J##..... ## #@g#
... #.....## .
##...## #... #....
...### ~.## ..


You could see 3 gnolls and an endoplasm.

Vanquished Creatures
  Jessica (D:2)
  A gnoll (D:3)
  2 adders (D:2)
  A dart slug (D:1)
  9 ball pythons
  3 endoplasms
  3 giant cockroaches
  3 hobgoblins
  2 quokkas (D:2)
  6 bats
  4 frilled lizards
  3 goblins (D:1)
  4 kobolds
  6 rats
48 creatures vanquished.

Vanquished Creatures (collateral kills)
  A ball python (D:1)
  A kobold (D:1)
2 creatures vanquished.

Grand Total: 50 creatures vanquished

Notes
Turn   | Place    | Note
-------+----------+-------------------------------------------
     0 | D:1      | IdlyInterested the Demonspawn Wanderer began the quest for
                  | the Orb.
     0 | D:1      | IdlyInterested set off with the following items: a +0 club,
                  | a potion of curing, a scroll of fog, a +0 leather armour, a
                  | potion of lignification; and the following spell memorised:
                  | Necrotise; and the following spells available to memorise:
                  | Vampiric Draining, Anguish.
     0 | D:1      | Reached XP level 1. HP: 16/16 MP: 2/2
   193 | D:1      | Reached skill level 1 in Armour
   193 | D:1      | Gained mutation: You may rarely emit foul miasma when
                  | damaged in melee. [demonic ancestry]
   193 | D:1      | Reached XP level 2. HP: 16/22 MP: 0/4
   812 | D:1      | Gained mutation: You sometimes emit foul miasma when
                  | damaged in melee. [demonic ancestry]
   812 | D:1      | Reached XP level 3. HP: 18/27 MP: 3/6
  1052 | D:1      | Found a faded altar of an unknown god.
  1132 | D:2      | Noticed Jessica
  1139 | D:2      | Killed Jessica
  1427 | D:2      | Found Hicaadea's Antique Weapon Emporium.
  1768 | D:2      | Reached XP level 4. HP: 26/34 MP: 7/7
  2573 | D:3      | Reached skill level 1 in Dodging
  2579 | D:3      | Slain by a gnoll

Illustrated notes

Levels and vault maps discovered:
D:1:      nzn_arrival_crosshair, layout_rooms, ebering_ecumenical_altar_ruins,
          st_stairs_4
D:2:      layout_basic, serial_shops, shop_fountains, st_stairs_12, minmay_puff,
          uniq_jessica
D:3:      layout_rooms, nicolae_qazlal_scattered_showers

Skill      XL: |  1  2  3  4 |
---------------+-------------+-----
Armour         | 1 2 |  2.0
Spellcasting   | 2 |  2.3
Fighting       | 3 |  3.0
Dodging        | 1 |  1.0
Unarmed Combat | |  1.7
Necromancy     | |  5.4

Action                   |  1- 3 |  4- 6 || total
-------------------------+-------+-------++-------
Melee: Club              |    11 |       ||    11
       Short sword       |    32 |       ||    32
       Punch             |     1 |     1 ||     2
       Spear             |    25 |       ||    25
       Dagger            |    35 |    53 ||    88
 Cast: Necrotise         |    12 |       ||    12
  Use: Potion            |     1 |       ||     1
Armor: Leather armour    |    21 |       ||    21
       Chain mail        |    39 |    37 ||    76
Dodge: Dodged            |    63 |    23 ||    86

Table legend: (Time is in decaauts)
 A = Elapsed time spent in this place.
 B = Non-inter-level travel time spent in this place.
 C = Inter-level travel time spent in this place.
 D = Time resting spent in this place.
 E = Time spent auto-exploring this place.
 F = Levels seen in this place.
 G = Mean time per level.
                   A        B        C        D        E       F      G
               +--------+--------+--------+--------+--------+-----+--------+
         Total |   2586 |   2449 |    137 |    687 |   1236 |   3 |  862.0 |
       Dungeon |   2586 |   2449 |    137 |    687 |   1236 |   3 |  862.0 |
               +--------+--------+--------+--------+--------+-----+--------+

Top non-repeatable levels by time:
     D:1: 1383 daAuts
     D:2: 1178 daAuts
     D:3: 23 daAuts
